Map: Prion Terraces

Players

martishon

  • Race: Zerg Zerg
  • League: Master

Miszu - Winner!

  • Race: Terran Terran
  • League: Master

VOD

Have the link to the VOD?

Description

Time

  • Played on: March 10, 2016, 4:06 p.m.
  • Length: 6:32
Show
View Real Time Build Order
Export as new Build Order

martishon Zerg 

Build Orders: Hatch First 

Get SALT Encoding   

  12  0:02  Drone  
  13  0:12  Overlord  
  13  0:18  Drone  
  14  0:30  Drone  
  14  0:31  Drone  
  16  0:36  Drone  
  17  0:52  Hatchery  
  17  0:56  Drone  
  17  0:59  Drone  
  18  1:10  Extractor  
  17  1:15  Spawning Pool  
  17  1:17  Drone  
  17  1:20  Drone  
  18  1:29  Overlord  
  18  1:39  Drone  
  19  1:50  Drone  
  20  2:01  Queen  
  20  2:02  Zergling x2  
  20  2:04  Zergling x2, Queen  
  26  2:12  Drone  
  26  2:14  Spine Crawler  
  26  2:17  Drone  
  27  2:25  Metabolic Boost  
  27  2:32  Drone  
  27  2:33  Drone  
  29  2:38  Spore Crawler  
  29  2:40  Spore Crawler  
  28  2:45  Zergling x4  
  28  2:47  Queen  
  32  2:52  Spore Crawler  
  32  2:59  Zergling x4  
  32  3:00  Drone  
  32  3:01  Drone  
  34  3:22  Queen  
  34  3:23  Overlord  
  34  3:26  Burrow  
  33  3:42  Drone x3  
  33  3:45  Drone  
  33  3:46  Drone x2  
  33  3:47  Overlord  
  38  4:02  Spine Crawler  
  35  4:04  Zergling x4  
  35  4:06  Zergling x4  
  35  4:07  Zergling x2  
  35  4:09  Zergling x2  
  41  4:16  Zergling x2  
  40  4:20  Queen  
  38  4:25  Zergling x4  
  39  4:33  Roach Warren  
  36  4:57  Zergling x4  
  36  4:58  Drone  
  36  4:59  Drone x2  
  39  5:00  Hatchery  
  39  5:04  Zergling x2  
  39  5:07  Queen  
  36  5:19  Drone x2  
  36  5:20  Extractor, Roach  
  39  5:29  Roach  
  39  5:30  Queen  
  41  5:36  Zergling x6  
  41  5:42  Roach  
  44  5:48  Zergling x4  
  44  5:49  Zergling x2  
  39  5:58  Zergling x2  
  39  6:04  Roach  
Show
View Real Time Build Order
Export as new Build Order

Miszu Terran - Winner!

Build Orders:  

Get SALT Encoding   

  12  0:00  SCV  
  13  0:13  SCV  
  14  0:17  Supply Depot  
  14  0:25  SCV  
  15  0:39  SCV  
  15  0:40  Barracks  
  16  0:43  Refinery  
  16  0:51  SCV  
  17  0:59  Barracks  
  17  1:03  SCV  
  18  1:15  SCV  
  19  1:19  Barracks  
  19  1:28  Reaper  
  19  1:31  Refinery  
  20  1:41  Orbital Command  
  20  1:46  Reaper  
  21  1:53  Supply Depot  
  21  2:02  Reaper  
  21  2:07  SCV  
  23  2:14  Reaper  
  24  2:19  SCV  
  24  2:22  Supply Depot, Reaper  
  26  2:32  SCV  
  26  2:34  Reaper  
  29  2:44  SCV  
  29  2:54  Reaper  
  29  2:56  SCV  
  31  2:59  Reaper  
  32  3:06  Command Center  
  31  3:21  Reaper  
  31  3:22  SCV  
  31  3:26  Reaper  
  34  3:35  Supply Depot  
  34  3:46  Reaper  
  34  3:48  SCV  
  35  3:56  Reaper, Command Center  
  35  4:00  Reaper, SCV  
  38  4:12  SCV  
  41  4:24  SCV  
  41  4:36  SCV  
  41  4:37  Barracks Tech Lab  
  42  4:38  Barracks Reactor  
  42  4:42  Orbital Command  
  42  4:44  Factory, Barracks Tech Lab  
  40  4:48  SCV  
  41  4:57  Marine  
  41  5:00  SCV  
  41  5:06  Marine  
  42  5:09  Combat Shields  
  42  5:10  SCV  
  42  5:11  Orbital Command  
  42  5:12  SCV  
  44  5:14  Marine  
  44  5:19  Marine  
  44  5:20  Marine  
  47  5:22  SCV  
  47  5:24  Marine, SCV  
  50  5:32  Marine  
  50  5:34  SCV  
  52  5:36  SCV  
  52  5:37  Marine  
  52  5:39  Engineering Bay, Starport  
  52  5:40  Engineering Bay  
  52  5:42  Factory Reactor  
  54  5:44  SCV  
  54  5:46  SCV  
  54  5:47  Refinery  
  54  5:48  Refinery  
  54  5:49  SCV  
  57  5:56  SCV  
  58  5:58  Marine  
  58  5:59  SCV  
  60  6:11  Marine  
  60  6:13  Marine x2, SCV  
  60  6:14  SCV x2  
  66  6:20  Barracks  
Tags
 
Add a new tag
Caveats
  • Supply blocks, unpowered buildings, or Contaminate may cause inaccurate times.
  • Supply counts are checked every 10 seconds.